 Dungeon Crawl Stone Soup version 0.26.0-15-gc6cd9f700b (webtiles) character file.

Game seed: 8240611936837322624

140 EnegeticOcto the Stinger (level 5, -3/37 HPs)
             Began as a Gnoll Venom Mage on Jan 16, 2021.
             Slain by an orc wizard
             ... wielding a +0 dagger
              (5 damage)
             ... on level 3 of the Dungeon.
             The game lasted 00:02:53 (574 turns).

EnegeticOcto the Stinger (Gnoll Venom Mage)          Turns: 574, Time: 00:02:54

Health: -3/37      AC:  2    Str: 10    XL:     5   Next: 22%
Magic:  4/12       EV: 15    Int: 18    God:
Gold:   36         SH:  0    Dex: 16    Spells: 1/14 levels left

rFire    + . .     SeeInvis .   g - +0 dagger
rCold    . . .     Faith    .   (no shield)
rNeg     . . .     Spirit   .   a - +0 robe
rPois    .         Reflect  .   (no helmet)
rElec    .         Harm     .   (no cloak)
rCorr    .         Rampage  .   (no gloves)
Will     .....                  (no boots)
Stlth    +++.......             (no amulet)
HPRegen  0.12/turn              d - ring of protection from fire
MPRegen  0.13/turn              (no ring)

@: no status effects
A: distributed training, fangs 1, strong nose
a: no special abilities


You were on level 3 of the Dungeon.
You visited 1 branch of the dungeon, and saw 3 of its levels.

You collected 36 gold pieces.

Inventory:

Hand Weapons
 g - a +0 dagger (weapon)
   (You took it off an orc on level 3 of the Dungeon)
Armour
 a - a +0 robe (worn)
Jewellery
 d - a ring of protection from fire (left hand)
   (You found it on level 2 of the Dungeon)
Scrolls
 f - a scroll of enchant weapon {unknown}
Potions
 b - a potion of heal wounds {unknown}
 c - a potion of lignification {@q6}
 e - a potion of resistance {unknown}
 h - a potion of brilliance {unknown}


   Skills:
 + Level 1.4 Fighting
 + Level 1.4 Short Blades
 + Level 1.4 Long Blades
 + Level 1.4 Axes
 + Level 1.4 Maces & Flails
 + Level 1.4 Polearms
 + Level 1.4 Staves
 + Level 1.4 Slings
 + Level 1.4 Bows
 + Level 1.4 Crossbows
 + Level 1.4 Throwing
 + Level 1.4 Armour
 + Level 4.7 Dodging
 + Level 4.3 Stealth
 + Level 1.4 Shields
 + Level 1.4 Unarmed Combat
 + Level 5.1 Spellcasting
 + Level 1.1 Conjurations
 + Level 1.1 Hexes
 + Level 1.1 Summonings
 + Level 1.1 Necromancy
 + Level 1.1 Translocations
 + Level 2.3 Transmutations
 + Level 1.1 Fire Magic
 + Level 1.1 Ice Magic
 + Level 1.1 Air Magic
 + Level 1.1 Earth Magic
 + Level 5.5 Poison Magic
 + Level 1.5 Invocations
 + Level 1.4 Evocations


You had one spell level left.
You knew the following spells:

 Your Spells              Type           Power        Failure   Level
a - Sting                 Tmut/Pois      72%          2%          1
b - Poisonous Vapours     Pois/Air       32%          4%          2
c - Olgreb's Toxic Radia  Pois           24%          13%         4
d - Mephitic Cloud        Conj/Pois/Air  14%          14%         3
e - Ignite Poison         Fire/Tmut/Pois 15%          12%         3

Your spell library contained the following spells:

 Spells                   Type           Power        Failure   Level


Dungeon Overview and Level Annotations

Branches:
Dungeon (3/15)

Altars:

Annotations:
D:1 1 runed translucent door


Innate Abilities, Weirdness & Mutations

Your experience applies equally to all skills.
You have very sharp teeth.
Your uncanny sense of smell can sniff out nearby items.


Message History

Aim: an orc, wielding a +0 dagger and wearing a +0 ring mail (23% to evade)
The sting hits the orc.
The orc is poisoned.
The orc is lightly wounded.
Casting: Sting (safe; 2% risk of failure)
Confirm with . or Enter, or press ? or * to list all spells.
Aiming: Sting (safe; 2% risk of failure)
Press: ? - help, Shift-Dir - straight line, f/p - orc
Aim: an orc, wielding a +0 dagger and wearing a +0 ring mail (lightly wounded, poisoned, 23% to evade)
You miscast Sting.
You are very lightly contaminated with residual magic.
Nothing appears to happen.
The orc misses you.
Casting: Sting (safe; 2% risk of failure)
Confirm with . or Enter, or press ? or * to list all spells.
Aiming: Sting (safe; 2% risk of failure)
Press: ? - help, Shift-Dir - straight line, f/p - orc
Aim: an orc, wielding a +0 dagger and wearing a +0 ring mail (lightly wounded, poisoned, 23% to evade)
The sting misses the orc.
The orc hits you with a +0 dagger.
Casting: Sting (safe; 2% risk of failure)
Confirm with . or Enter, or press ? or * to list all spells.
Aiming: Sting (safe; 2% risk of failure)
Press: ? - help, Shift-Dir - straight line, f/p - orc
Aim: an orc, wielding a +0 dagger and wearing a +0 ring mail (moderately wounded, poisoned, 23% to evade)
The sting hits the orc but does no damage.
The orc looks even sicker.
The orc is moderately wounded.
The orc completely misses you.
Your magical contamination has completely faded away.
You see here a leather armour.
You kill the orc!
Things that are here:
a +0 dagger; a +0 ring mail
g - a +0 dagger (weapon)
An orc priest comes into view. It is wielding a +0 club.
The orc priest shouts!
The orc priest moves out of view.
The orc priest invokes the aid of Beogh against you.
Beogh smites you!
* * * LOW HITPOINT WARNING * * *
Casting: Sting (safe; 2% risk of failure)
Confirm with . or Enter, or press ? or * to list all spells.
Aiming: Poisonous Vapours (safe; 5% risk of failure)
Press: ? - help, Dir - move target, f - orc priest
Aim: an orc priest, wielding a +0 club Poisonous vapours surround the orc priest!
The orc priest is engulfed in poison gas.
The orc priest is poisoned.
An orc comes into view. It is wielding a +0 flail.
Casting: Poisonous Vapours (safe; 5% risk of failure)
Confirm with . or Enter, or press ? or * to list all spells.
Aiming: Sting (safe; 2% risk of failure)
Press: ? - help, Shift-Dir - straight line, f/p - orc priest
Aim: an orc priest, wielding a +0 club (almost dead, poisoned, 26% to evade)
The sting hits the orc priest.
The orc priest looks even sicker.
You kill the orc priest!
You have reached level 5!
This spell is quite dangerous to cast!
Memorise Olgreb's Toxic Radiance, consuming 4 spell levels and leaving 7?
You start memorising the spell.
You continue memorising. x4
You finish memorising.
Spell assigned to 'c'.
This spell is quite dangerous to cast!
Memorise Mephitic Cloud, consuming 3 spell levels and leaving 4?
You start memorising the spell.
You continue memorising. x3
You finish memorising.
Spell assigned to 'd'.
This spell is dangerous to cast!
Memorise Ignite Poison, consuming 3 spell levels and leaving 1?
You start memorising the spell.
You continue memorising. x3
You finish memorising.
Spell assigned to 'e'.
You start resting.
An ooze is nearby!
The goblin shouts!
The orc shouts!
The ooze quivers.
The orc wizard looks braver for a moment.
The goblin completely misses you.
A quokka comes into view.
The orc wizard gestures wildly while chanting.
The orc wizard seems to speed up.
The ooze jiggles.
The quokka completely misses you.
Found 11 poisoned darts.
The quokka closely misses you.
You see here 3 scrolls labelled CAMEMM DALUYF.
As you read the scroll labelled CAMEMM DALUYF, it crumbles to dust.
It is a scroll of amnesia.
Really abort (and waste the scroll)? [Y]es or [N]o only, please.
Really abort (and waste the scroll)?
Okay, then.
The goblin hits you.
* * * LOW HITPOINT WARNING * * *
The quokka bites you.
* * * LOW HITPOINT WARNING * * *
The goblin misses you. The quokka closely misses you.
The orc wizard misses you. The ooze closely misses you.
The orc wizard hits you with a +0 dagger.
* * * LOW HITPOINT WARNING * * *
The quokka bites you but does no damage.
The goblin barely misses you. The ooze hits you.
* * * LOW HITPOINT WARNING * * *
The orc wizard hits you with a +0 dagger.
You die...

#..#####...............
........................
.#.................(..#
#........[....)......#
#....................#
#......$.r.....>...#.##
#.....$.......)...$#.#.
#(..?.orw..............
#.....@go..###..#......
#....$.J)..#...........
############.....#.....
###.....#)###.
#..........#
#.......[..#
#.......[..#
#..........#
#..........#


You could see a worm, an orc wizard (fast), an ooze, an orc, 2 quokkas and a
goblin.

Vanquished Creatures
  A hound (D:3)
  An orc priest (D:3)
  Terence (D:2)
  3 adders
  A leopard gecko (D:2)
  An orc (D:3)
  3 bats
  A giant cockroach (D:2)
  5 goblins
  4 hobgoblins
  2 jackals (D:2)
  2 kobolds
  2 frilled lizards (D:1)
  2 rats (D:2)
29 creatures vanquished.

Notes
Turn   | Place    | Note
-------+----------+-------------------------------------------
     0 | D:1      | EnegeticOcto the Gnoll Venom Mage began the quest for the
                  | Orb.
     0 | D:1      | Reached XP level 1. HP: 13/13 MP: 6/6
     7 | D:1      | Found a runed translucent door.
    25 | D:1      | Reached skill level 2 in Transmutations
    65 | D:2      | Reached XP level 2. HP: 8/20 MP: 1/7
    71 | D:2      | Learned a level 2 spell: Poisonous Vapours
   119 | D:2      | HP: 1/20 [adder (4)]
   121 | D:2      | Reached skill level 5 in Spellcasting
   121 | D:2      | Reached XP level 3. HP: 2/25 MP: 0/9
   353 | D:3      | Noticed an ogre
   357 | D:3      | Reached skill level 1 in Fighting
   357 | D:3      | Reached skill level 1 in Short Blades
   357 | D:3      | Reached skill level 1 in Long Blades
   357 | D:3      | Reached skill level 1 in Axes
   357 | D:3      | Reached skill level 1 in Maces & Flails
   357 | D:3      | Reached skill level 1 in Polearms
   357 | D:3      | Reached skill level 1 in Staves
   357 | D:3      | Reached skill level 1 in Slings
   357 | D:3      | Reached skill level 1 in Bows
   357 | D:3      | Reached skill level 1 in Crossbows
   357 | D:3      | Reached skill level 1 in Throwing
   357 | D:3      | Reached skill level 1 in Armour
   357 | D:3      | Reached skill level 1 in Shields
   357 | D:3      | Reached skill level 1 in Unarmed Combat
   357 | D:3      | Reached skill level 1 in Invocations
   357 | D:3      | Reached skill level 1 in Evocations
   357 | D:3      | Reached XP level 4. HP: 9/32 MP: 7/11
   358 | D:2      | Noticed Terence
   362 | D:2      | Killed Terence
   363 | D:2      | Reached skill level 1 in Conjurations
   363 | D:2      | Reached skill level 1 in Hexes
   363 | D:2      | Reached skill level 1 in Summonings
   363 | D:2      | Reached skill level 1 in Necromancy
   363 | D:2      | Reached skill level 1 in Translocations
   363 | D:2      | Reached skill level 1 in Fire Magic
   363 | D:2      | Reached skill level 1 in Ice Magic
   363 | D:2      | Reached skill level 1 in Air Magic
   363 | D:2      | Reached skill level 1 in Earth Magic
   545 | D:3      | Reached XP level 5. HP: 6/37 MP: 0/12
   551 | D:3      | Learned a level 4 spell: Olgreb's Toxic Radiance
   555 | D:3      | Learned a level 3 spell: Mephitic Cloud
   559 | D:3      | Learned a level 3 spell: Ignite Poison
   574 | D:3      | Slain by an orc wizard

Illustrated notes

Levels and vault maps discovered:
D:1:      dpeg_arrival_caged_fury, layout_rooms, feat_on_display
D:2:      layout_basic, uniq_terence, uniq_robin
D:3:      layout_rooms, cheibriados_altar_1, gammafunk_ghost_grave

Skill      XL: |  1  2  3  4 |
---------------+-------------+-----
Transmutations | 2 |  2.3
Spellcasting   | 5 |  5.1
Fighting       | 1 |  1.4
Short Blades   | 1 |  1.4
Long Blades    | 1 |  1.4
Axes           | 1 |  1.4
Maces & Flails | 1 |  1.4
Polearms       | 1 |  1.4
Staves         | 1 |  1.4
Slings         | 1 |  1.4
Bows           | 1 |  1.4
Crossbows      | 1 |  1.4
Throwing       | 1 |  1.4
Armour         | 1 |  1.4
Shields        | 1 |  1.4
Unarmed Combat | 1 |  1.4
Invocations    | 1 |  1.5
Evocations     | 1 |  1.4
Conjurations   | 1 |  1.1
Hexes          | 1 |  1.1
Summonings     | 1 |  1.1
Necromancy     | 1 |  1.1
Translocations | 1 |  1.1
Fire Magic     | 1 |  1.1
Ice Magic      | 1 |  1.1
Air Magic      | 1 |  1.1
Earth Magic    | 1 |  1.1
Dodging        | |  4.7
Stealth        | |  4.3
Poison Magic   | |  5.5

Action                   |  1- 3 |  4- 6 || total
-------------------------+-------+-------++-------
Melee: Unarmed           |     4 |     7 ||    11
 Cast: Sting             |    27 |    14 ||    41
       Poisonous Vapours |     3 |     6 ||     9
  Use: Scroll            |       |     3 ||     3
Armor: Robe              |       |     6 ||     6
Dodge: Dodged            |    22 |    39 ||    61
